 Dungeon Crawl Stone Soup version 0.29.1-1-gd02db6906a (webtiles) character file.

Game seed: 13137978243719534572

11 Sabo the Gusty (level 2, 0/15 HPs)
             Began as a Deep Elf Air Elementalist on Sept 20, 2022.
             Slain by a giant cockroach (2 damage)
             ... on level 1 of the Dungeon.
             The game lasted 00:05:57 (1393 turns).

Sabo the Gusty (Deep Elf Air Elementalist)          Turns: 1393, Time: 00:05:57

Health: 0/15       AC:  2    Str:  5    XL:     2   Next: 13%
Magic:  8/8        EV: 12    Int: 19    God:
Gold:   76         SH:  0    Dex: 15    Spells: 6/7 levels left

rFire   . . .      SeeInvis .   e - +0 short sword
rCold   . . .      Faith    .   (no shield)
rNeg    . . .      Spirit   .   a - +0 robe
rPois   .          Reflect  .   (no helmet)
rElec   .          Harm     .   (no cloak)
rCorr   .          Rampage  .   (no gloves)
Will    .....                   (no boots)
Stlth   +.........              (no amulet)
HPRegen 0.05/turn               (no ring)
MPRegen 0.11/turn               (no ring)

@: very slow
A: no striking features
a: no special abilities


You were on level 1 of the Dungeon.
You visited 1 branch of the dungeon, and saw 1 of its levels.

You collected 76 gold pieces.

Inventory:

Hand Weapons
 e - a +0 short sword (weapon)
Armour
 a - a +0 robe (worn)
Scrolls
 c - a scroll of poison {unknown}
 d - a scroll of identify {unknown}
 g - 3 scrolls of magic mapping {unknown}
Potions
 b - a potion of magic
 f - a potion of brilliance {unknown}


   Skills:
 + Level 2.6 Dodging
 + Level 2.6 Stealth
 + Level 3.1 Spellcasting
 + Level 1.1 Conjurations
 + Level 3.3 Air Magic


You had 6 spell levels left.
You knew the following spells:

 Your Spells              Type           Power      Damage    Failure   Level
a - Shock                 Conj/Air       44%        1d5       6%          1

Your spell library contained the following spells:

 Spells                   Type           Power      Damage    Failure   Level
 Static Discharge         Conj/Air       11%        3-5/arc   9%          2
 Swiftness                Air            15%        N/A       12%         3
 Airstrike                Air            7%         2d(2-18)  36%         4
 Eringya's Noxious Bog    Tmut/Pois      1%         N/A       100%        6
 Iron Shot                Conj/Erth      2%         9d2       100%        6
 Necromutation            Tmut/Necr      1%         N/A       100%        8


Dungeon Overview and Level Annotations

Branches:
Dungeon (1/15)

Altars:


Message History

The giant cockroach bites you.
You hit the giant cockroach but do no damage.
The giant cockroach is moderately wounded.
The giant cockroach bites you.
Your unstable footing causes you to fumble your attack.
The giant cockroach bites you. The giant cockroach closely misses you.
You hit the giant cockroach but do no damage.
The giant cockroach is moderately wounded.
The giant cockroach barely misses you.
You hit the giant cockroach but do no damage.
The giant cockroach is moderately wounded.
The giant cockroach barely misses you.
You barely miss the giant cockroach.
The giant cockroach is moderately wounded.
The giant cockroach closely misses you.
The giant cockroach bites you but does no damage.
You hit the giant cockroach.
The giant cockroach is lightly wounded.
The giant cockroach bites you.
You closely miss the giant cockroach.
The giant cockroach is lightly wounded.
The giant cockroach barely misses you.
Your unstable footing causes you to fumble your attack.
The giant cockroach bites you. x2
* * * LOW HITPOINT WARNING * * *
Your unstable footing causes you to fumble your attack.
The giant cockroach closely misses you.
You hit the giant cockroach.
The giant cockroach is almost dead.
The giant cockroach bites you.
* * * LOW HITPOINT WARNING * * *
You hit the giant cockroach but do no damage.
The giant cockroach is almost dead.
The giant cockroach bites you.
* * * LOW HITPOINT WARNING * * *
You barely miss the giant cockroach.
The giant cockroach is almost dead.
The giant cockroach waves its antennae.
The giant cockroach barely misses you. The giant cockroach bites you.
You die...

# # #. # #######.##
##.#...#..## ##.#
#≈.#..~#.≈.# ...#
#..#♣~.#♣~♣#
########..≈.~.≈...###
..........~#.~≈.~..#
..####..≈..~~~..@~#.#
# #..~.~~~~~≈B♣# #
###.....~~.~.#~..
#......~~#~~##~.##
####.#~♣.#~## #.# #
#.##.##.# .# ≈#
####.##....# ..
≈≈##.....#.#########.
≈≈≈#..~~..~.~.~..~#


You could see a giant cockroach.

Vanquished Creatures
  A dart slug (D:1)
  An endoplasm (D:1)
  A quokka (D:1)
  3 ball pythons (D:1)
  A frilled lizard (D:1)
  A kobold (D:1)
  2 rats (D:1)
10 creatures vanquished.

Notes
Turn   | Place    | Note
-------+----------+-------------------------------------------
     0 | D:1      | Sabo the Deep Elf Air Elementalist began the quest for the
                  | Orb.
     0 | D:1      | Reached XP level 1. HP: 10/10 MP: 6/6
   655 | D:1      | Got Zyqeir's Octavo of Gritty Reformation
   834 | D:1      | Reached XP level 2. HP: 15/15 MP: 5/8
  1393 | D:1      | Slain by a giant cockroach

Illustrated notes

Levels and vault maps discovered:
D:1:      matt_arrival_spirals, layout_loops_corners, serial_rivers,
          chequers_serial_rivers_marsh, chequers_serial_rivers_micro_e,
          chequers_serial_rivers_large_b, chequers_serial_rivers_small_b,
          chequers_serial_rivers_large_a, chequers_serial_rivers_room_a

Action                   || total
-------------------------++-------
Melee: Short sword       ||    24
 Cast: Shock             ||    19
Armor: Robe              ||     5
Dodge: Dodged            ||    21
